 Dungeon Crawl Stone Soup version 0.28.0-47-ge53b351184 (webtiles) character file.

Game seed: 11524975144265835898

308 bobregger the Skirmisher (level 6, 0/67 HPs)
             Began as an Ogre Berserker on May 1, 2022.
             Was a Believer of Trog.
             Slain by an orc
             ... wielding a +1 whip of distortion
              (18 damage)
             ... on level 3 of the Dungeon.
             The game lasted 00:04:03 (3612 turns).

bobregger the Skirmisher (Ogre Berserker)           Turns: 3612, Time: 00:04:04

Health: 0/67       AC:  5    Str: 22    XL:     6   Next: 40%
Magic:  6/6        EV: 10    Int:  8    God:    Trog [**....]
Gold:   153        SH:  0    Dex: 10    Spells: 5/5 levels left

rFire   . . .      SeeInvis .   a - +0 mace
rCold   . . .      Faith    .   (no shield)
rNeg    . . .      Spirit   .   e - +0 troll leather armour {Pargi}
rPois   .          Reflect  .   (helmet restricted)
rElec   .          Harm     .   (no cloak)
rCorr   .          Rampage  .   (gloves unavailable)
Will    .....                   (boots unavailable)
Stlth   +.........              (no amulet)
HPRegen 1.01/turn               (no ring)
MPRegen 0.10/turn               (no ring)

@: on berserk cooldown, slowed, very slow
A: large, unfitting armour, tough skin 1
a: Renounce Religion, Berserk, Trog's Hand


You were on level 3 of the Dungeon.
You worshipped Trog.
Trog was pleased with you.
You visited 1 branch of the dungeon, and saw 3 of its levels.
You also visited: Sewer.

You collected 153 gold pieces.

Inventory:

Hand Weapons
 a - a +0 mace (weapon)
Armour
 e - a +0 troll leather armour (worn) {Pargi}
Jewellery
 l - a +4 ring of evasion
Wands
 d - a wand of digging (8)
Scrolls
 f - a scroll of immolation
 h - a scroll of teleportation
 i - a scroll of blinking {unknown}
 k - a scroll of enchant weapon {unknown}
Potions
 b - a potion of lignification {unknown}
 c - 2 potions of curing {unknown}
 g - 2 potions of magic {unknown}
 j - a potion of haste {unknown}


   Skills:
 + Level 5.7 Fighting
 * Level 4.8 Maces & Flails
 + Level 3.9 Dodging


You had 5 spell levels left.
You didn't know any spells.
Your spell library was empty.

Dungeon Overview and Level Annotations

Branches:
Dungeon (3/15)              Sewer (visited)

Altars:


Innate Abilities, Weirdness & Mutations

You are too large for most types of armour.
You have tough skin. (AC +1)


Message History

Beogh smites you!
You closely miss the orc priest.
The orc priest is almost dead.
An orc comes into view. It is wielding a +1 whip of distortion.
The kobold hits you but does no damage.
The orc shouts!
You hit the orc priest but do no damage.
The orc priest is almost dead.
The orc priest hits you but does no damage.
You barely miss the orc priest.
The orc priest is almost dead.
The kobold hits you with a +0 whip. The orc priest completely misses you.
You barely miss the orc priest.
The orc priest is almost dead.
The kobold barely misses you.
The orc priest casts a cantrip, but nothing happens.
You hit the orc priest.
You kill the orc priest!
Trog accepts your kill. The kobold hits you but does no damage.
You closely miss the orc. You hit the orc.
The orc is heavily wounded.
The kobold hits you but does no damage. The orc hits you with a +0 club.
You sock the orc!
You kill the orc!
Trog accepts your kill. The kobold hits you but does no damage.
The orc hits you but does no damage. Space warps horribly around you!
* * * LOW HITPOINT WARNING * * *
The kobold hits you but does no damage.
Items here: )) [[.
You barely miss the orc.
You are no longer berserk.
You are exhausted.
You feel yourself slow down.
The orc hits you with a +1 whip of distortion.
* * * LOW HITPOINT WARNING * * *
Space warps horribly around you!!
You die...

######### . #..........# ##. .
#..........###... ..
#..........##..#. ...
#.........<##.##. ..
#................
####.###..............## #####
..................#..### .....#
....[.o@..........#....# .....#
.......K....>.....#.##.. (....#
................#....... .....#..
................#....... .....#..
................#.......
.................................
.....#...........................
....<#...................#.......
.....#...................#.......


You could see an orc and a kobold.

Vanquished Creatures
  Pargi (Sewer)
  A hound (D:2)
  An orc priest (D:3)
  Terence (D:3)
  A river rat (D:3)
  4 adders
  A worm (D:2)
  2 dart slugs (D:1)
  2 orcs (D:3)
  2 ball pythons (D:1)
  4 endoplasms
  5 giant cockroaches (D:3)
  7 goblins
  15 hobgoblins
  2 jackals (D:3)
  6 quokkas
  9 bats
  A frilled lizard (D:1)
  4 kobolds
  6 rats
75 creatures vanquished.

Vanquished Creatures (others)
  A plant (D:1)
1 creature vanquished.

Grand Total: 76 creatures vanquished

Notes
Turn   | Place    | Note
-------+----------+-------------------------------------------
     0 | D:1      | bobregger the Ogre Berserker began the quest for the Orb.
     0 | D:1      | Reached XP level 1. HP: 24/24 MP: 1/1
    82 | D:1      | Reached XP level 2. HP: 30/32 MP: 2/2
   350 | D:1      | Found a faded altar of an unknown god.
   801 | D:1      | Reached XP level 3. HP: 37/40 MP: 3/3
  1971 | D:2      | Reached ** piety under Trog
  1972 | D:2      | Reached XP level 4. HP: 33/49 MP: 4/4
  2630 | D:3      | Noticed Terence
  2637 | D:3      | Killed Terence
  2638 | D:3      | Reached skill level 5 in Fighting
  2638 | D:3      | Reached XP level 5. HP: 57/57 MP: 5/5
  2888 | D:3      | Found a glowing drain.
  2953 | Sewer    | Entered a sewer
  3108 | Sewer    | Noticed Pargi
  3130 | Sewer    | Killed Pargi
  3131 | Sewer    | Reached XP level 6. HP: 62/66 MP: 6/6
  3612 | D:3      | Slain by an orc

Illustrated notes

Levels and vault maps discovered:
D:1:      lightli_arrival_noodles, layout_loops_ring, basic_ecumenical_altar,
          chequers_serial_rivers_small_3, serial_bayou_pond_d, minivault_14,
          minmay_distorted
D:2:      minmay_spotlight, layout_basic, kennysheep_generic_room_6
D:3:      layout_rooms, gup_sewer_entry_spiral, grunt_ministairs_9, uniq_terence

Skill      XL: |  1  2  3  4 |
---------------+-------------+-----
Maces & Flails | 3 4 |  4.8
Dodging        | 3 |  3.9
Fighting       | 5 |  5.7

Action                   |  1- 3 |  4- 6 || total
-------------------------+-------+-------++-------
Melee: Mace              |   141 |   127 ||   268
       Punch             |     1 |     1 ||     2
Invok: Berserk           |     2 |     4 ||     6
  Use: Scroll            |       |     5 ||     5
 Stab: Sleeping          |     1 |       ||     1
Armor: Animal skin       |    75 |    28 ||   103
       Troll leather arm |       |    22 ||    22
Dodge: Dodged            |    85 |    79 ||   164
